[Event "*** Titled Tuesday Blitz"]
[Site "Chess.com"]
[Date "2020.04.14"]
[Round "3"]
[White "Rodalquilar"]
[Black "pheonixking2000"]
[Result "0-1"]
[WhiteElo "2623"]
[BlackElo "2825"]
[TimeControl "180+1"]
[EndTime "10:29:10 PDT"]
[Termination "pheonixking2000 won by resignation"]

1. d4 d5 2. Bf4 Nf6 3. e3 c5 4. Nf3 Nc6 5. Nbd2 Nh5 6. dxc5 Nxf4 7. exf4 g6 8. Bd3 Bg7 9. c3 d4 10. c4 O-O 11. a3 a5 12. O-O a4 13. Re1 Qa5 14.
Ne4 Bf5 15. Qd2 Bxe4 16. Rxe4 Qxc5 17. Rae1 e6 18. h4 Rad8 19. Ne5 Na5 20. Qc2 b5 21. cxb5 Qxc2 22. Bxc2 Bxe5 23. fxe5 d3 24. Bxa4 d2 25.
Rd1 Rd3 26. Bc2 Rd5 27. b4 Rc8 28. Ba4 Nc4 29. Bb3 Nb2 30. Bxd5 Nxd1 31. Bc6 Nxf2 32. Rd4 d1=Q+ 33. Rxd1 Nxd1 34. a4 Nc3 35. a5 Ne2+ 36.
Kf2 Nd4 37. Bb7 Rb8 38. a6 Nxb5 39. Ke3 Rd8 40. Bc6 Na7 41. Bb7 Kf8 42. g4 Ke7 43. Ke4 Kd7 44. h5 Kc7 45. Kf4 h6 46. g5 hxg5+ 47.
Kxg5 gxh5 48. Kxh5 Rg8 49. Kh6 Nb5 50. Kh7 Rg5 51. Kh6 Rxe5 52. Kg7 f5 53. Kf6 Re1 54. Bf3 Kb6 55. a7 Kxa7 56. Bc6 Kb6 57. Bd7 Nd4 58. Kg5 Kc7 0-1

[Event "*** Titled Tuesday Blitz"]
[Site "Chess.com"]
[Date "2020.04.14"]
[Round "3"]
[White "farzadbfd"]
[Black "davidkalashian"]
[Result "1-0"]
[WhiteElo "2747"]
[BlackElo "2511"]
[TimeControl "180+1"]
[EndTime "10:29:10 PDT"]
[Termination "farzadbfd won by checkmate"]

1. e4 c6 2. d4 g6 3. g3 Bg7 4. Bg2 d6 5. Ne2 Nf6 6. O-O O-O 7. a4 Nbd7 8. c4 e5 9. d5 cxd5 10. exd5 Ne8 11. Nbc3 f5 12. f4 Nef6 13. Kh1 a5 14. Be3 b6 15. Nb5 Nc5 16. Nc1 Ba6 17. Nd3 Bxb5 18.
axb5 Nfd7 19. Nxc5 Nxc5 20. Qc2 e4 21. Bxc5 dxc5 22.
Rad1 Qd6 23. b3 Rad8 24. Rfe1 Bd4 25. Re2 Qf6 26. Rf1 Kf7 27. Rd1 Kg7 28. Rf1 Ra8 29. Qd1 Rf7 30. Ra2 h5 31. h3 Rfa7 32. Kh2 Re7 33.
Qe2 Rae8 34. Qd1 e3 35. Re2 g5 36. Qd3 h4 37. fxg5 Qxg5 38. Qxf5 hxg3+ 39. Kh1 Qxf5 40. Rxf5 Rf7 41. Rf3 Rxf3 42. Bxf3 Kf6 43. Kg2 Rg8 44. Bg4 Ke5 45. Kxg3 Ra8 46. Ra2 Ke4 47. d6 Be5+ 48.
Kg2 Kd4 49. d7 Bf6 50. Re2 Kd3 51. Re1 Bg5 52. Rd1+ Kc3 53. Rd5 Bh4 54. Bd1 a4 55.
bxa4 Kxc4 56. Re5 Rd8 57. Re4+ Kd3 58. Rxh4 Rxd7 59. Rf4 Rg7+ 60. Kf3 c4 61. Be2+ Kd2 62. Rd4+ Ke1 63. Rd1# 1-0

[Event "*** Titled Tuesday Blitz"]
[Site "Chess.com"]
[Date "2020.04.14"]
[Round "3"]
[White "Ind1anStar"]
[Black "Beca95"]
[Result "1-0"]
[WhiteElo "2608"]
[BlackElo "2884"]
[TimeControl "180+1"]
[EndTime "10:29:12 PDT"]
[Termination "Ind1anStar won on time"]

1. c4 e5 2. g3 Nf6 3. Bg2 h6 4. Nc3 Bc5 5. e3 Nc6 6. Nge2 d6 7. O-O a6 8. h3 Ba7 9. d3 O-O 10. Kh2 Ne7 11. Nd5 Nfxd5 12. cxd5 f5 13. f4 Ng6 14. e4 exf4 15. Nxf4 Nxf4 16. Bxf4 Bb6 17. Qe2 Bd7 18. Rae1 Qf6 19. Qc2 Qg6 20. Be3 Bxe3 21. Rxe3 Rac8 22. Ref3 Rf6 23. Qb3 b6 24. Rf4 Rcf8 25.
Qc3 Rc8 26. g4 fxg4 27. Rxf6 gxf6 28. Rxf6 g3+ 29. Kh1 Qg7 30. Rf3 Qxc3 31. bxc3 c6 32. Rxg3+ Kf7 33. c4 cxd5 34. exd5 b5 35. Rf3+ Ke7 36.
Rf4 bxc4 37. dxc4 Rb8 38. Re4+ Kf6 39. Re2 Rb4 40. Bf1 Bf5 41. Rf2 Ke5 42. Kg2 Be4+ 43. Kg3 Ra4 44. Kg4 Bb1 45. Kh5 Rxa2 46. Rf8 Rh2 47. Kxh6 Bf5 48. Kg5 Rf2 49. Re8+ Kd4 50. Be2 Rg2+ 51. Kxf5 Rf2+ 52. Kg4 1-0

[Event "*** Titled Tuesday Blitz"]
[Site "Chess.com"]
[Date "2020.04.14"]
[Round "3"]
[White "Artem_Sadovsky"]
[Black "2nd_life"]
[Result "0-1"]
[WhiteElo "2607"]
[BlackElo "2414"]
[TimeControl "180+1"]
[EndTime "10:29:13 PDT"]
[Termination "2nd_life won by checkmate"]

1. Nf3 Nf6 2. g3 d5 3. Bg2 c6 4. O-O Bg4 5. c4 Nbd7 6. b3 e6 7. Bb2 Be7 8. d3 O-O 9. Nbd2 a5 10. a3 Bxf3 11. Bxf3 b5 12. cxb5 cxb5 13. e4 Qb6 14. e5 Ne8 15. d4 Nb8 16. Re1 Nc6 17. Nf1 Nc7 18. Ne3 f6 19. Rc1 fxe5 20. dxe5 b4 21. a4 Rac8 22. Bg4 Rfe8 23. Nxd5 exd5 24. Bxc8 Rxc8 25. Qg4 Rd8 26. Re2 d4 27. Rec2 Nxe5 28. Qe4 Nd5 29. Bxd4 Qxd4 30. Qf5 Nd3 31. Rd1 Nc3 32.
Qe6+ Kf8 33. Rdd2 Qe4 34. Qh3 Qe1+ 35. Qf1 Qxf1+ 36. Kxf1 Bf6 37. Kg2 Nc5 38. Rxd8+ Bxd8 39. Rd2 Bf6 40. Rd6 Nxb3 41. Ra6 Nxa4 42. Ra8+ Kf7 43. Ra7+ Kg6 44. f4 Nbc5 45. Rxa5 b3 46. Rb5 b2 47. g4 h5 48. f5+ Kg5 49. h3 hxg4 50. hxg4 Kxg4 51. Rb4+ Kxf5 52. Kf3 Ke5 53. Rb5 Kd5 54.
Rxb2 Nxb2 55. Kg4 Nbd3 56. Kh5 Ke5 57. Kg4 g6 58. Kf3 Kf5 59. Kg3 g5 60. Kg2 g4 61.
Kg3 Be5+ 62. Kg2 Kf4 63. Kh1 Kf3 64. Kg1 g3 65. Kh1 Ne4 66. Kg1 Bd4+ 67. Kf1 g2# 0-1

[Event "*** Titled Tuesday Blitz"]
[Site "Chess.com"]
[Date "2020.04.14"]
[Round "3"]
[White "theblitzchamp"]
[Black "wonderfultime"]
[Result "0-1"]
[WhiteElo "2680"]
[BlackElo "2948"]
[TimeControl "180+1"]
[EndTime "10:29:14 PDT"]
[Termination "wonderfultime won by checkmate"]

1. e4 c5 2. Nf3 Nf6 3. Nc3 d5 4.
d4 dxe4 5. Bb5+ Bd7 6. Ne5 Bxb5 7. Nxb5 a6 8. Na3 Qxd4 9. Nec4 Qxd1+ 10. Kxd1 b5 11. Ne5 e6 12. Bf4 Nd5 13. Bg3 f6 14. Ng4 c4 15. Nb1 Nc6 16. Ne3 Rd8 17. Kc1 Bc5 18.
Re1 f5 19. a4 Bxe3+ 20. fxe3 b4 21. Nd2 c3 22. Nc4 Kf7 23. bxc3 Nxc3 24. a5 Rd5 25.
Kb2 Rhd8 26. Rf1 Kf6 27. h4 e5 28. h5 Ke6 29. Bh4 Rf8 30. g4 f4 31. Rae1 f3 32.
h6 g6 33. Ra1 Rf7 34. Bg3 Rb7 35. Bh4 Rbb5 36. Nb6 Rd2 37. Nc4 Rg2 38. Be1 Nd5 39. g5 b3 40. Ka3 bxc2 41. Rc1 Rc5 42. Kb3 Rxc4 43. Kxc4 Nxe3+ 44. Kc5 Nxf1 45. Kxc6 Ne3 46. Bb4 Nf5 47. Kc5 e3 48. Kb6 f2 49. Kxa6 Rg1 50.
Rxc2 f1=Q+ 51. Kb7 Nd4 52. Rc5 Qb1 53. Rb5 Nxb5 54. a6 Qxb4 55. a7 Nd6+ 56. Ka8 Qb7# 0-1

[Event "*** Titled Tuesday Blitz"]
[Site "Chess.com"]
[Date "2020.04.14"]
[Round "3"]
[White "Dixit_Nikhil"]
[Black "mshuaau0"]
[Result "1/2-1/2"]
[WhiteElo "2440"]
[BlackElo "2215"]
[TimeControl "180+1"]
[EndTime "10:29:14 PDT"]
[Termination "Game drawn by stalemate"]

1. e4 e5 2. Nf3 Nc6 3. Nc3 Nf6 4. d4 exd4 5. Nxd4 Bb4 6. Nxc6 bxc6 7. Bd3 d5 8. exd5 cxd5 9. O-O O-O 10. Bg5 c6 11.
Qf3 h6 12. Bxf6 Qxf6 13. Qxf6 gxf6 14. Ne2 Re8 15. Ng3 Bf8 16. Nh5 Bg7 17. Nxg7 Kxg7 18. Rfe1 Bd7 19. Kf1 Re5 20. f4 Ree8 21. Rxe8 Rxe8 22.
Re1 c5 23. Rxe8 Bxe8 24. c3 Kf8 25. Ke2 Ke7 26. Kf3 Bd7 27. Kg3 a5 28. Kh4 Kf8 29.
Kh5 Kg7 30. f5 Bc6 31. g3 d4 32. cxd4 cxd4 33. Kg4 Kf8 34. Kf4 Ke7 35. Be4 Bb5 36.
Bc2 Kd6 37. Ke4 Kc5 38. Bd3 Bc6+ 39. Kf4 Bd5 40. a3 Bc4 41. Bc2 d3 42. Bd1 Kd4 43. b3 Bd5 44. b4 axb4 45. axb4 d2 46. b5 Kc5 47. Ke3 Kxb5 48. Kxd2 Kc5 49. Ke3 Kd6 50. Kf4 Ke7 51. Bf3 Bb3 52. Kg4 Kf8 53. Kh5 Kg7 54. Kg4 Bc2 55. Kf4 Bb1 56. g4 Ba2 57. Ke3 Bc4 58.
Kd4 Ba2 59. Bd5 Bb1 60. Be4 Ba2 61. Kc3 h5 62. gxh5 Kh6 63. Bf3 Be6 64. fxe6 fxe6 65.
Kd4 f5 66. Ke5 Kg7 67. h4 Kh8 68. Kxe6 Kg7 69. Ke7 Kh8 70. Kf6 Kh7 71. Kg5 f4 72. h6 Kh8 73. Kg6 Kg8 74. Bg4 Kh8 75. Be6 f3 76. Bh3 f2 77. Bf1 Kg8 78. h7+ Kh8 79.
Kf7 Kxh7 80. Kf6 Kh8 81. Kf5 Kh7 82. Kf4 Kh8 83. Kf3 Kh7 84. Kxf2 Kh8 85. Kg3 Kh7 86. Kg4 Kh8 87. Kg5 Kh7 88. h5 Kh8 89. h6 Kh7 90.
Kh5 Kh8 91. Kg6 Kg8 92. Bd3 Kh8 93. Be4 Kg8 94. Bf5 Kh8 95. Be6 1/2-1/2

[Event "*** Titled Tuesday Blitz"]
[Site "Chess.com"]
[Date "2020.04.14"]
[Round "3"]
[White "GMHess"]
[Black "INLOVEWITHF"]
[Result "0-1"]
[WhiteElo "2792"]
[BlackElo "2577"]
[TimeControl "180+1"]
[EndTime "10:29:15 PDT"]
[Termination "INLOVEWITHF won on time"]

1. b3 e5 2. Bb2 Nc6 3. e3 Nf6 4. h3 d5 5. d3 Be6 6. Nd2 Qd7 7. Ne2 O-O-O 8. g4 h5 9. g5 Nh7 10. h4 Bd6 11. Ng3 g6 12. e4 d4 13. Qe2 f6 14.
gxf6 Nxf6 15. O-O-O Rhf8 16. f3 Kb8 17. Kb1 Qh7 18. a3 Qh6 19. Nc4 Nd7 20. Bc1 Qg7 21.
Nxd6 cxd6 22. Bh3 Bxh3 23. Rxh3 Qf7 24. Rf1 Qe6 25. Rh2 Rc8 26. Rhf2 Qh3 27. Rg2 Qxh4 28. Nh1 Qf6 29. f4 exf4 30. Rxf4 Qe6 31. Qf2 Rxf4 32.
Bxf4 Rf8 33. Qg3 Nde5 34. Nf2 Qf6 35. Nh3 Qe6 36. Nf2 a5 37. Kb2 Ka7 38. Qg5 Rf7 39. Bd2 Nf3 40. Qb5 Nxd2 41. Nd1 Nf3 42. b4 Qe5 43. Qa4 b5 44. Qb3 Rc7 45. bxa5 Nxa5 46. Qb4 Kb6 47. Rxg6 Rc6 48. Rg8 Qc5 49. Rb8+ Nb7 50.
Qxc5+ dxc5 51. Rh8 h4 52. Nf2 c4 53. Ng4 Rg6 0-1

[Event "*** Titled Tuesday Blitz"]
[Site "Chess.com"]
[Date "2020.04.14"]
[Round "3"]
[White "onnoelgersma"]
[Black "Mr_Sinigami"]
[Result "0-1"]
[WhiteElo "2359"]
[BlackElo "2581"]
[TimeControl "180+1"]
[EndTime "10:29:15 PDT"]
[Termination "Mr_Sinigami won on time"]

1. e4 c5 2. Nf3 Nc6 3. Bb5 g6 4. O-O Bg7 5. Re1 e5 6. b4 cxb4 7. Bb2 Nge7 8. d4 exd4 9. Nxd4 O-O 10. a3 Qb6 11. Nxc6 dxc6 12. Bxg7 Kxg7 13. Bc4 bxa3 14. Nxa3 Qc5 15. Qf3 Be6 16. Bxe6 fxe6 17. Qg3 Rf7 18. Rab1 b5 19. c4 Raf8 20. Re2 b4 21.
Nc2 Qxc4 22. Rd2 Qc3 23. Qxc3+ bxc3 24. Re2 c5 25. Rb3 Rd8 26. Rxc3 Rd1+ 27. Re1 Rxe1+ 28.
Nxe1 Rf8 29. Rxc5 Ra8 30. Rc7 Kf8 31. Nd3 a5 32. Nf4 a4 33. Nxe6+ Kf7 34. Ng5+ Ke8 35. Rc1 h6 36. Nf3 a3 37. Nd4 Kd7 38. Ra1 a2 39. Nc2 Nc6 40. Kf1 Kd6 41. Ke2 Kc5 42. Kd2 Kc4 43.
Kc1 Kb3 44. f4 Rc8 45. e5 Nb4 0-1

[Event "*** Titled Tuesday Blitz"]
[Site "Chess.com"]
[Date "2020.04.14"]
[Round "3"]
[White "Trankuilizer"]
[Black "tornikesanikidze"]
[Result "0-1"]
[WhiteElo "2642"]
[BlackElo "2347"]
[TimeControl "180+1"]
[EndTime "10:29:16 PDT"]
[Termination "tornikesanikidze won on time"]

1. e4 e5 2. Nf3 Nc6 3. Bc4 Bc5 4. c3 Nf6 5. d3 d6 6. Nbd2 a5 7. a4 O-O 8. O-O Ba7 9. h3 Ne7 10. Re1 c6 11. Bb3 Ng6 12. Nf1 h6 13. d4 Re8 14.
Ng3 Qc7 15. Bc2 Bd7 16. Be3 Bb6 17. Qd2 Rad8 18. Bxh6 d5 19. Bg5 exd4 20. cxd4 dxe4 21. Nxe4 Nxe4 22. Bxe4 Rc8 23. Bxg6 fxg6 24. Bf4 Qd8 25. Ne5 Bf5 26. g4 Be6 27. Be3 Qh4 28. Kg2 Bd5+ 29.
f3 Rxe5 30. dxe5 Bxf3+ 31. Kh2 Bc7 32. Bf2 Qe7 33. Bg3 Rd8 34. Qf2 Bd5 35. e6 Bxg3+ 36. Qxg3 Rf8 37. Re3 Rf6 38. Rae1 g5 39. b3 Kh7 40. R3e2 Rf8 41. Qd3+ Kg8 42. Qe3 Rf3 43. Qe5 Qf8 44. Qd4 Qd6+ 45. Qe5 Qc5 46. e7 Rf2+ 47. Kg1 Rxe2+ 48. Kf1 Rxe5 49. Rxe5 Qc1+ 50. Kf2 Qf4+ 51. Kg1 Qxe5 0-1

[Event "*** Titled Tuesday Blitz"]
[Site "Chess.com"]
[Date "2020.04.14"]
[Round "3"]
[White "konradrutkowski"]
[Black "pedromartinez91"]
[Result "0-1"]
[WhiteElo "2229"]
[BlackElo "2526"]
[TimeControl "180+1"]
[EndTime "10:29:16 PDT"]
[Termination "pedromartinez91 won by resignation"]

1. e4 c5 2. Nf3 Nc6 3. d3 g6 4.
g3 Bg7 5. Bg2 d6 6. O-O e6 7. c3 Nge7 8. Re1 O-O 9. Na3 b6 10.
d4 Ba6 11. d5 exd5 12. exd5 Ne5 13. Nxe5 Bxe5 14. Rxe5 dxe5 15. Bh6 Nf5 16. Bxf8 Qxf8 17. Qa4 Bb7 18. Nc4 f6 19. Qd7 Ba6 20. Ne3 Qd6 21. Qc6 Rd8 22. Nxf5 gxf5 23. b3 Bd3 24. c4 e4 25.
Qxd6 Rxd6 26. Re1 Kf7 27. g4 Kg6 28. gxf5+ Kxf5 29. f3 Rd8 30. fxe4+ Ke5 31. Re3 Bb1 32. Kf2 Bxa2 33. Rh3 Rd7 34. Rh5+ Kd4 35. Rh6 Rf7 36.
Kf3 Bxb3 37. Bh3 Bxc4 38. d6 Ke5 39. d7 Rf8 40. Rxh7 Bb5 41. Re7+ Kd4 42. Re8 Rxe8 43. dxe8=Q Bxe8 44. Kf4 Bc6 45. Be6 Bxe4 46. h4 a5 47. h5 Bh7 48. Bf5 Bg8 49. Bg6 a4 50. h6 a3 51. Bb1 b5 52. Ba2 c4 53.
Kf5 b4 54. Kxf6 b3 55. Kg7 bxa2 56. Kxg8 a1=Q 57. h7 Kd3 58. h8=Q Qxh8+ 59. Kxh8 a2 0-1

[Event "*** Titled Tuesday Blitz"]
[Site "Chess.com"]
[Date "2020.04.14"]
[Round "3"]
[White "Sam_ChessMood"]
[Black "Sashadav97"]
[Result "1-0"]
[WhiteElo "2909"]
[BlackElo "2596"]
[TimeControl "180+1"]
[EndTime "10:29:17 PDT"]
[Termination "Sam_ChessMood won by resignation"]

1. e4 c5 2. Nf3 Nc6 3. d4 cxd4 4. Nxd4 Nf6 5. Nc3 d6 6. Bg5 e6 7. Qd3 Bd7 8. Ndb5 Nb4 9. Qd1 Qb8 10. Bf4 e5 11. Bg5 a6 12. Bxf6 gxf6 13. Na3 b5 14.
g3 Bg7 15. Bg2 O-O 16. O-O Qb6 17. Nab1 Rac8 18. a3 Nc6 19. Nd5 Qd8 20. Qh5 Nd4 21.
c3 Nb3 22. Ra2 Be6 23. Bh3 Rc4 24. Bf5 h6 25. Qd1 Na5 26. Nd2 Rc6 27. a4 Nc4 28. axb5 axb5 29. Nxc4 bxc4 30. Ra7 Bxd5 31. Qxd5 Rc5 32.
Qd2 Qb6 33. Rd7 Rb5 34. Rxd6 Rxb2 35. Rxb6 Rxd2 36. Rc6 Rfd8 37. Rxc4 Bf8 38. Rc7 Rc2 39.
Bg4 Bd6 40. Rc6 Be7 41. Bh5 Kf8 42. Rb1 Rd7 43. h4 Bd8 44. Bd1 Rcd2 45. Bg4 R2d6 46. Bxd7 Rxd7 47. Rc8 Ke7 48. Rc6 Rd2 49. Rb7+ Ke8 50.
Rc8 Rd3 51. Kg2 Rd2 52. Rbb8 Ke7 53. Rxd8 Rxd8 54. Rxd8 Kxd8 55. Kf3 1-0

[Event "*** Titled Tuesday Blitz"]
[Site "Chess.com"]
[Date "2020.04.14"]
[Round "3"]
[White "hakki1"]
[Black "RiskyDecision"]
[Result "1-0"]
[WhiteElo "2396"]
[BlackElo "2593"]
[TimeControl "180+1"]
[EndTime "10:29:17 PDT"]
[Termination "hakki1 won on time"]

1. d4 f5 2. c4 Nf6 3. g3 g6 4. Bg2 Bg7 5. Nh3 d6 6. Nc3 e5 7. dxe5 dxe5 8. Qxd8+ Kxd8 9. Bg5 c6 10. O-O-O+ Kc7 11. f4 e4 12. Nf2 Be6 13. b3 Nbd7 14. Kc2 a5 15. g4 Nc5 16. gxf5 gxf5 17. Rhg1 Rhg8 18. Bh3 Bh8 19. Bh4 Rae8 20. e3 Rg6 21. Ne2 Bd7 22. Ng3 Ng4 23. Bxg4 fxg4 24. Bg5 Rf8 25. Rd2 b5 26. Rgd1 bxc4 27. bxc4 Be6 28. Bd8+ Kb7 29. Rb1+ Kc8 30. Be7 Nd7 31. Bxf8 Nxf8 32.
Rd6 Kc7 33. c5 Nd7 34. f5 Bxf5 35. Nxf5 Rg5 36. Rxd7+ Kxd7 37. Ng3 Rxc5+ 38. Kd1 Rd5+ 39. Ke2 h5 40. Rb7+ Ke6 41. Rh7 Be5 42. Rxh5 Rb5 43. Rh6+ Kd5 44. Ngxe4 Rb2+ 45. Kf1 Rxa2 46. Nf6+ Kc4 47.
N6xg4 Bc3 48. Rxc6+ Kb3 49. Ne4 Bb4 50. Ngf2 a4 51.
h4 a3 52. Nd3 Ra1+ 53. Kf2 Rb1 54. Nd2+ Bxd2 55. Rb6+ Kc2 56. Rd6 Bc3 57. Ra6 Ra1 58. Nb4+ Kb3 59. Nd5 1-0

[Event "*** Titled Tuesday Blitz"]
[Site "Chess.com"]
[Date "2020.04.14"]
[Round "3"]
[White "silverback96"]
[Black "LawrenceTrent"]
[Result "1/2-1/2"]
[WhiteElo "2188"]
[BlackElo "2500"]
[TimeControl "180+1"]
[EndTime "10:29:17 PDT"]
[Termination "Game drawn by agreement"]

1. d4 Nf6 2. c4 g6 3. g3 Bg7 4. Bg2 O-O 5. Nc3 d6 6. Nf3 c6 7. O-O Qb6 8. b3 Bf5 9. Bb2 Ne4 10. Nxe4 Bxe4 11. e3 Nd7 12. Bh3 Bxf3 13. Qxf3 Qc7 14. Qe2 e5 15. dxe5 Nxe5 16. Bg2 Rae8 17. Rfd1 Re6 18.
Rac1 Rfe8 19. Ba3 Nd7 20. Bh3 f5 21. Bg2 Nc5 22. Bxc5 dxc5 23. Rd3 Rd6 24. Rcd1 Red8 25. R1d2 Bf6 26. Qd1 Rxd3 27. Rxd3 Kg7 28. h4 h5 29. a4 Kf7 30. e4 Rxd3 31. Qxd3 f4 32. e5 Bxe5 33. Be4 Qd6 34. Qxd6 Bxd6 35. Kg2 Kf6 36. Kf3 g5 37. hxg5+ Kxg5 38. a5 fxg3 39. a6 gxf2 40.
Kxf2 bxa6 41. Bxc6 Kf4 42. Ba4 h4 43. Kg2 Ke3 44.
Kh3 Be7 45. Kg2 a5 46. Kh3 Kf2 47. Kh2 Kf3 48. Kh3 Kf4 49. Kh2 Kg5 50. Kh3 Kh5 51. Kh2 Kg4 52. Kg2 h3+ 53. Kh2 Bd6+ 54. Kh1 Kf3 55. Kg1 Ke3 56. Kh1 Kd3 57. Kg1 Ke3 58. Kh1 Be5 59. Kg1 Kd2 60. Kh1 Ke2 61. Kg1 Ke1 62. Kh1 Kf1 63. Bb5 Bd6 64. Ba4 Bc7 65.
Bb5 Bd6 66. Ba4 a6 67. Bc6 Ke2 68. Ba4 Kf2 69. Bc6 Ke3 70. Ba4 Kd4 71. Kg1 Kc3 72. Kh1 Kb4 73. Kg1 Be5 74. Kh1 Ka3 75. Kg1 Kb2 76.
Kh1 Kc3 77. Kg1 Kd2 78. Kh1 Ke3 79. Kg1 Kf3 80. Kh1 h2 81. Bc6+ Kf2 82. Ba4 Ke3 83. Kg2 Kd4 84. Kh1 Kc3 85. Kg2 Kb4 86. Kh1 Ka3 87. Kg2 Bb8 88. Kh1 Kb2 89. Kg2 Kc3 90. Kh1 Kd2 91. Kg2 Ke2 92. Kh1 Kf1 93. Bc6 Bc7 94. Ba4 1/2-1/2

[Event "*** Titled Tuesday Blitz"]
[Site "Chess.com"]
[Date "2020.04.14"]
[Round "3"]
[White "Crazy_girl99"]
[Black "katchesskat"]
[Result "1-0"]
[WhiteElo "2512"]
[BlackElo "2156"]
[TimeControl "180+1"]
[EndTime "10:29:18 PDT"]
[Termination "Crazy_girl99 won by checkmate"]

1. Nf3 c5 2. e4 e6 3. d4 cxd4 4. Nxd4 a6 5. c4 Qc7 6. Nc3 Nf6 7. a3 b6 8. Be2 Bb7 9. f3 h6 10. Be3 Nc6 11. b4 Ne5 12. Rc1 d6 13. O-O Be7 14. Kh1 Rc8 15. Na4 Ned7 16. Qd2 O-O 17. Rc2 Rfe8 18.
Rb1 Nh7 19. Qc1 Qd8 20. Nb2 Nhf6 21. Nd3 Qc7 22. Nb3 Bf8 23. a4 Qd8 24. a5 bxa5 25.
Nxa5 Ba8 26. Ra1 Qc7 27. Raa2 Qb8 28. c5 d5 29. c6 Ne5 30. c7 Rxc7 31. Rxc7 Nxd3 32.
Bxd3 dxe4 33. fxe4 Bd6 34. Ra7 Bxh2 35. Rxa8 Qg3 36.
Rxe8+ Nxe8 37. Bf4 Qxf4 38. Qxf4 Bxf4 39. Rc2 Nd6 40.
Rc6 Kf8 41. Rxa6 Ke7 42. b5 Kd7 43. b6 Kc8 44. Ra8+ Kd7 45. b7 Nxb7 46. Nxb7 Ke7 47. Nc5 Kf6 48. Ra7 Be3 49. Nd7+ Kg6 50. Rb7 Bd4 51. g3 f5 52. Nf8+ Kf6 53. exf5 exf5 54. Rd7 Be5 55. Nh7+ Kg6 56. Rd5 Bxg3 57. Bxf5+ Kf7 58.
Kg2 Bb8 59. Rb5 Bd6 60. Rb7+ Kg8 61. Bg6 Bf8 62. Rb8 h5 63. Rxf8# 1-0

[Event "*** Titled Tuesday Blitz"]
[Site "Chess.com"]
[Date "2020.04.14"]
[Round "3"]
[White "vanea_03"]
[Black "zabivol_mc"]
[Result "1-0"]
[WhiteElo "2614"]
[BlackElo "2379"]
[TimeControl "180+1"]
[EndTime "10:29:19 PDT"]
[Termination "vanea_03 won by resignation"]

1. c4 Nf6 2. Nc3 g6 3. d4 Bg7 4. e4 O-O 5. Be2 d6 6. Be3 Nfd7 7. Nf3 f5 8. exf5 gxf5 9. d5 Ne5 10. Nxe5 dxe5 11.
O-O f4 12. Bd2 Nd7 13. Bf3 Rf6 14. Ne4 Rh6 15. Bc3 Nf8 16. Bg4 Bxg4 17. Qxg4 Rg6 18. Qf3 Qd7 19. Rfe1 Qf5 20. Rad1 a5 21. c5 Raa6 22.
Nd2 Rh6 23. Nc4 Ng6 24. Qe4 Qh5 25. h3 f3 26. d6 cxd6 27. cxd6 exd6 28. Rxd6 Nf4 29.
Rd8+ Bf8 30. Nxe5 Nxh3+ 31. gxh3 Qxh3 32. Rxf8+ Kxf8 33. Qxf3+ Qxf3 34. Nxf3 Rag6+ 35. Kf1 Rh1+ 36. Ke2 Re6+ 37. Be5 Rh5 38. Kd3 Ke7 39. Ke4 Kd7 40.
Rd1+ Kc8 41. Rc1+ Kd7 42. Rc7+ Ke8 43. Rxb7 Rh1 44. Ra7 Rb1 45. Rxa5 Rxb2 46. Ra8+ Ke7 47. Ra7+ Kd8 48. Nd4 Rb4 49. Kd5 Reb6 50. Nc6+ Rxc6 51. Kxc6 Rc4+ 52. Kd5 Rc2 53. Ra8+ Kd7 54. Ra7+ Ke8 55.
Bd4 Rd2 56. Rxh7 Rxa2 57. f4 Ra5+ 58. Ke4 Ra4 59. Rb7 1-0

[Event "*** Titled Tuesday Blitz"]
[Site "Chess.com"]
[Date "2020.04.14"]
[Round "3"]
[White "gui_borba"]
[Black "Firegrizzly"]
[Result "0-1"]
[WhiteElo "2362"]
[BlackElo "2582"]
[TimeControl "180+1"]
[EndTime "10:29:20 PDT"]
[Termination "Firegrizzly won by resignation"]

1. d4 e6 2. e4 d5 3. Nc3 Bb4 4. e5 b6 5. Qg4 Bf8 6. Nf3 Ne7 7. Bd3 h6 8. Ne2 Ba6 9. Bxa6 Nxa6 10. c3 c5 11. O-O Nc6 12. Nf4 Nc7 13. Rd1 Qd7 14.
Be3 O-O-O 15. a3 g6 16. b4 c4 17. a4 Ne7 18. a5 b5 19. h4 Nf5 20. h5 g5 21. Ne2 Be7 22. Ng3 Ng7 23. Nh2 f5 24.
exf6 Bxf6 25. Qe2 Nf5 26. Ng4 Bg7 27. Rf1 Na6 28. Rae1 Rde8 29. Bd2 Nb8 30. Qd1 Nc6 31. Be3 Nxg3 32. fxg3 Ref8 33. Qe2 Rf5 34. a6 Rhf8 35.
Nh2 Kc7 36. g4 Rxf1+ 37. Rxf1 Rxf1+ 38. Nxf1 Kb6 39. Qa2 Qc8 40. Ng3 Qxa6 41. Qc2 Qc8 42. Qg6 Qd7 43. Kh2 a5 44. bxa5+ Kxa5 45. Qb1 b4 46.
Qa2+ Kb5 47. cxb4 Qa7 48. Qb1 Bxd4 49. Bxd4 Qxd4 50. Qg6 Qxg4 51. Qxh6 Qh4+ 52. Kg1 Qxg3 53. Qg6 Qe1+ 54. Kh2 Ne5 55. Qe8+ Kxb4 56. Qe7+ Kb3 57. Qxg5 c3 58. h6 c2 59. h7 c1=Q 60. Qxc1 Qxc1 61.
h8=Q Qf4+ 62. Kh1 d4 63. Qb8+ Kc3 64. Qc7+ Kd2 65. Qa5+ Ke3 66. Qe1+ Kd3 67. Qb1+ Kc3 68. Qc2+ Kxc2 0-1

[Event "*** Titled Tuesday Blitz"]
[Site "Chess.com"]
[Date "2020.04.14"]
[Round "3"]
[White "dmvlad"]
[Black "asimali1977"]
[Result "1-0"]
[WhiteElo "2285"]
[BlackElo "1968"]
[TimeControl "180+1"]
[EndTime "10:29:20 PDT"]
[Termination "dmvlad won on time"]

1. e4 g6 2. d4 Bg7 3. Nc3 c5 4. Be3 Nc6 5. d5 Nd4 6. Qd2 d6 7. Nd1 Bd7 8. a4 f5 9. f3 Nf6 10. Bd3 fxe4 11. fxe4 Ng4 12. h3 Nxe3 13. Qxe3 c4 14.
Ne2 Qb6 15. a5 Qc5 16. c3 Nb3 17. Qxc5 dxc5 18. Ra3 cxd3 19. Rxb3 dxe2 20. Ne3 b5 21. Kxe2 O-O 22. Rd1 Rf7 23. Rf1 Raf8 24. Rxf7 Rxf7 25. Ra3 a6 26. Ra1 Be5 27. Rd1 Kg7 28. Kd3 Rf2 29. Rd2 c4+ 30. Kc2 Rxd2+ 31. Kxd2 Bf4 32. Ke2 Bxe3 33.
Kxe3 Kf6 34. Kd4 g5 35. e5+ Kg7 36. e6 Be8 37. Ke5 h5 38. g3 g4 39. hxg4 hxg4 40.
Kf5 Bg6+ 41. Kxg4 Kf6 42. Kf4 Be8 43. g4 Bg6 44. g5+ Kg7 45. Ke5 Kf8 46. d6 exd6+ 47. Kxd6 Ke8 48. Kc7 Ke7 49. Kb7 Kxe6 50. Kxa6 Be8 51.
Kb6 1-0

[Event "*** Titled Tuesday Blitz"]
[Site "Chess.com"]
[Date "2020.04.14"]
[Round "3"]
[White "Boudicca64"]
[Black "nickmatta"]
[Result "0-1"]
[WhiteElo "2047"]
[BlackElo "2307"]
[TimeControl "180+1"]
[EndTime "10:29:21 PDT"]
[Termination "nickmatta won on time"]

1. e4 e5 2. d4 exd4 3. Qxd4 Nc6 4. Qe3 Nf6 5. Nc3 Bb4 6. Bd2 O-O 7. O-O-O Re8 8. f3 d5 9. Qf2 d4 10. Nb5 Bc5 11.
Bc3 dxc3 12. Rxd8 cxb2+ 13. Kxb2 Bxf2 14. Rxe8+ Nxe8 15. Nh3 Bb6 16. Nf4 a6 17. Nc3 Bd4 18. Kb3 Na5+ 19. Kb4 c5+ 20. Kxa5 Bxc3+ 21. Ka4 b5+ 22.
Kb3 Be5 23. Nd5 Be6 24. c4 Nd6 25. g3 bxc4+ 26. Bxc4 Rb8+ 27. Kc2 Nxc4 28. f4 Rb2+ 29. Kd3 Bd4 30. Kxc4 Rc2+ 31. Kd3 Rxa2 32. f5 Bxd5 33. exd5 Ra3+ 34. Ke4 Re3+ 35. Kf4 Re5 36. d6 Rd5 37. Re1 Kf8 38. Rb1 Rxd6 39. Ke4 a5 40. Rb8+ Ke7 41. Ra8 Bc3 42. Ke3 Bb4 43. Ra7+ Rd7 44. Ra6 Rc7 45. f6+ gxf6 46. Kd3 c4+ 47. Kc2 c3 48. Rb6 Rd7 49.
Rc6 Rd2+ 50. Kb1 Rb2+ 51. Kc1 Rxh2 52. Rc7+ Kd6 53. Rc4 a4 54. Rxb4 Kc5 55. Rxa4 Rg2 56. Rg4 f5 57. Rf4 Rxg3 58. Rxf5+ Kc4 59. Rxf7 h5 60. Rc7+ Kd3 61. Rd7+ Ke2 62. Re7+ Kf2 63. Kc2 h4 64. Rh7 h3 65. Rf7+ Kg2 0-1

[Event "*** Titled Tuesday Blitz"]
[Site "Chess.com"]
[Date "2020.04.14"]
[Round "3"]
[White "thedjoker98"]
[Black "VojtechPlat"]
[Result "1/2-1/2"]
[WhiteElo "2456"]
[BlackElo "2729"]
[TimeControl "180+1"]
[EndTime "10:29:22 PDT"]
[Termination "Game drawn by repetition"]

1. d4 Nf6 2. c4 g6 3. Nc3 d5 4.
e3 Bg7 5. Qb3 dxc4 6. Bxc4 O-O 7. Nf3 Nfd7 8. O-O c5 9. Rd1 cxd4 10. Nxd4 Nc5 11. Qa3 Nbd7 12. Nb3 Nxb3 13. Qxb3 e6 14. e4 a6 15. Be3 b5 16. Be2 Bb7 17. a4 Bc6 18. axb5 axb5 19. Rxa8 Qxa8 20. Bxb5 Rb8 21.
Bxc6 Qxc6 22. Qa4 Qxa4 23. Nxa4 Ne5 24. Bb6 h5 25. Rd8+ Rxd8 26. Bxd8 Nc4 27. b4 Bd4 28. b5 Kf8 29. b6 Na5 30. Kf1 Ke8 31. Bc7 Kd7 32. Ke2 Kc6 33. f3 Kb5 34. Kd3 Bg1 35. Nc3+ Kc6 36. Na4 Nb3 37. h3 Na5 38. g4 Nb3 39.
gxh5 gxh5 40. Bd8 Nd4 41. Nc5 Kxc5 42. b7 Nc6 43. Bc7 Nb4+ 44. Ke2 Na6 45. Kd3 Kc6 46.
b8=Q Nxb8 47. Bxb8 Bb6 48. Kc4 Kd7 49. Bf4 Ke7 50.
Kd3 f6 51. Bd2 Kf7 52. Bc3 Kg6 53. Bd2 h4 54. Bc1 Bc7 55. f4 f5 56. Ke3 Bb6+ 57.
Kf3 Bd8 58. Bd2 Kf7 59. Bc3 Be7 60. Bd4 Ke8 61. Bf2 Kd7 62. Be1 Kc6 63. exf5 exf5 64.
Bf2 Kd5 65. Be1 Bf6 66. Bf2 Be7 67. Be1 Bf6 68. Bf2 Be7 1/2-1/2